Cogmind - Beta 13 @@@ ROGUE MODE // 2024.06.15 @ 16:01:18 Player: KTG-V3 Result: Self-destructed Performance ------------- Evolutions (3) 1500 Regions Visited (14) 2800 Robots Destroyed (182) 910 Value Destroyed (3432) 3432 Prototype IDs (239) 4780 Alien Tech Used (0) 0 Bonus (3753) 3753 TOTAL SCORE: 17175 Bonus ------- High Alert Combat Kills 65 Follower Combat Kills 102 Aligned with FarCom 300 Met Data Miner 300 Used Data Conduit 3000 Friendly Fire -14 Cogmind --------- Core Integrity 640/700 Matter 286/300 Energy 137/140 System Corruption 4% Temperature Cool (10) Movement Flying (26) Location -6/Proximity Caves Parts ------- > --- POWER (1) -------- Light Deuterium Engine > --- PROPULSION (4) --- Improved VTOL Module Cooled VTOL Module Cooled VTOL Module Cooled VTOL Module > --- UTILITY (6) ------ Medium Storage Unit Structural Scanner Hacking Suite Hacking Suite Makeshift System Shield > --- WEAPON (2) ------- Makeshift Spear > --- INVENTORY (10) --- Light Nuclear Core Improved Flight Unit ECM Suite Improved Utility Shielding Improved Light Armor Plating Advanced Hacking Suite Authchip [Device] Improved Trap Extractor (6/6 Shock) Heavy Rocket Launcher Improved Datajack Peak State ------------ > --- POWER ------------ Light Deuterium Engine > --- PROPULSION ------- Improved VTOL Module Cooled VTOL Module Cooled VTOL Module Cooled VTOL Module > --- UTILITY ---------- Medium Storage Unit Improved Light Armor Plating Hacking Suite Hacking Suite Advanced Hacking Suite Makeshift System Shield > --- WEAPON ----------- Improved Datajack Makeshift Spear > --- INVENTORY -------- Light Nuclear Core Improved Flight Unit Structural Scanner ECM Suite Improved Utility Shielding Advanced Hacking Suite Authchip [Device] Improved Trap Extractor Heavy Rocket Launcher Heavy Rocket Launcher [Rating: 52] Favorites ----------- Power Heavy Ion Engine Engine Heavy Ion Engine Power Core Enhanced Nuclear Core Propulsion Light Treads Treads Light Treads Leg Aluminum Leg Flight Unit Cooled VTOL Module Utility Improved Heat Sink Device Improved Heat Sink Storage Huge Storage Unit Processor Improved Signal Interpreter Hackware Hacking Suite Protection Improved Light Armor Plating Weapon Advanced Beam Cannon Energy Gun Medium Laser Energy Cannon Advanced Beam Cannon Ballistic Gun Enhanced Autogun Launcher Rocket Launcher Special Weapon Mining Laser Slashing Weapon Katana Piercing Weapon Makeshift Spear Special Melee Weapon Improved Datajack Build | -11 -10 -10 -9 -9 -9 -8 -8 -7 -7 -7 -7 -7 -7 -6 ------- Run | Yrd Mat Min Mat Min Exi Min Mat Fac Was Fac Low Low Dat Pro Slots Evolved 6 | . . . 2 . . . 2 2 . . . . . . Power . | . . . . . . . . . . . . . . . Propulsion 2 | . . . 1 . . . . 1 . . . . . . Utility 4 | . . . 1 . . . 2 1 . . . . . . Weapon . | . . . . . . . . . . . . . . . Parts Attached 182 | 7 28 5 39 4 3 6 47 17 . 12 5 4 1 4 Power 13 | 1 3 1 3 . . . 5 . . . . . . . Engine 12 | 1 3 1 3 . . . 4 . . . . . . . Core 1 | . . . . . . . 1 . . . . . . . Reactor . | . . . . . . . . . . . . . . . Propulsion 37 | 2 5 . 8 . . . 16 4 . 1 1 . . . Treads 23 | 2 2 . 8 . . . 11 . . . . . . . Leg 3 | . 3 . . . . . . . . . . . . . Wheel . | . . . . . . . . . . . . . . . Hover . | . . . . . . . . . . . . . . . Flight 11 | . . . . . . . 5 4 . 1 1 . . . Utility 70 | 2 13 3 10 . 1 . 12 10 . 11 2 4 . 2 Device 37 | 1 9 2 3 . . . 5 4 . 9 . 2 . 2 Storage 6 | 1 3 . 1 . . . 1 . . . . . . . Processor 5 | . . 1 1 . . . 1 2 . . . . . . Hackware 9 | . . . . . . . 2 4 . 2 1 . . . Protection 13 | . 1 . 5 . 1 . 3 . . . 1 2 . . Artifact . | . . . . . . . . . . . . . . . Weapon 62 | 2 7 1 18 4 2 6 14 3 . . 2 . 1 2 Energy Gun 14 | 1 5 1 6 . . . 1 . . . . . . . Energy Cannon 16 | . . . 5 2 2 3 4 . . . . . . . Ballistic Gun 6 | 1 1 . 1 . . . 3 . . . . . . . Ballistic Cannon . | . . . . . . . . . . . . . . . Launcher 19 | . 1 . 6 1 . 3 4 1 . . 1 . 1 1 Special Weapon 1 | . . . . 1 . . . . . . . . . . Impact Weapon . | . . . . . . . . . . . . . . . Slashing Weapon 1 | . . . . . . . 1 . . . . . . . Piercing Weapon 4 | . . . . . . . 1 1 . . 1 . . 1 Special Melee Weapon 1 | . . . . . . . . 1 . . . . . . Unidentified Prototypes 10 | . . . 3 . 1 . 6 . . . . . . . Parts Lost 10 | . 3 . 1 . . . 4 . . . 1 . 1 . Power . | . . . . . . . . . . . . . . . Propulsion 3 | . 1 . . . . . 1 . . . 1 . . . Utility 5 | . 1 . . . . . 3 . . . . . 1 . Weapon 2 | . 1 . 1 . . . . . . . . . . . Highest Loss Streak 3 | . 2 . 1 . . . 3 . . . 1 . 1 . To Critical Strikes . | . . . . . . . . . . . . . . . Average Slot Usage (%) 98 | . 99 100 99 100 99 100 97 91 100 100 100 92 92 84 Engine 10 | . 14 14 11 11 11 11 9 7 7 7 7 7 7 7 Treads 22 | . 15 28 33 33 33 33 26 . . . . . . . Leg 1 | . 12 . . . . . . . . . . . . . Flight 6 | . . . . . . . . 30 30 30 30 30 30 30 Device 11 | . 11 13 13 11 11 11 15 7 7 7 7 3 . 2 Storage 10 | . 14 14 11 11 11 11 9 7 7 7 7 7 7 7 Hackware 6 | . . . . . . . . 28 30 30 30 30 30 23 Protection 7 | . 1 . 8 11 10 11 14 . . . . 3 7 6 Energy Gun 5 | . 22 28 4 . . . . . . . . . . . Energy Cannon 9 | . . . 17 16 21 20 12 . . . . . . . Ballistic Gun 1 | . 4 . . . . . 4 . . . . . . . Piercing Weapon 1 | . . . . . . . . 7 7 7 7 7 7 4 Naked Turns . | . . . . . . . . . . . . . . . Heaviest Build 107 | 15 90 51 100 100 100 100 107 20 19 21 21 20 27 20 Greatest Support 63 | 40 40 40 63 63 63 63 63 20 20 20 20 26 26 26 Greatest Overweight (x) 6 | . 2 1 1 1 1 1 6 1 . 1 1 . 1 . Average Overweight (x) . | . . 1 . 1 1 1 1 . . . . . . . Largest Inventory Capacity 25 | 8 25 20 25 25 25 25 25 10 10 10 10 10 10 10 Average Capacity 20 | 6 14 20 24 25 25 25 24 10 10 10 10 10 10 10 Most Carried 25 | 6 17 20 25 25 25 25 25 10 10 10 10 10 10 10 Average Carried 19 | 3 11 19 24 25 25 25 24 9 10 9 9 9 9 9 Final Capacity 25 | 8 20 20 25 25 25 25 10 10 10 10 10 10 10 10 Final Carried 25 | 6 17 18 25 25 25 25 10 10 10 10 10 10 9 10 Class Distribution -------------------- 42% | Mutant 36% | Scavenger-Mutant 21% | Hacker-Sprinter Dominant Class ---------------- Mutant | -10/Materials Scavenger-Mutant | -10/Mines Scavenger-Mutant | -9/Materials Mutant | -9/Mines Mutant | -9/Exiles Mutant | -8/Mines Scavenger-Mutant | -8/Materials Hacker-Sprinter | -7/Factory Hacker-Sprinter | -7/Waste Hacker-Sprinter | -7/Factory Hacker-Sprinter | -7/Lower Caves Hacker-Sprinter | -7/Lower Caves Hacker-Sprinter | -7/Data Miner Hacker-Sprinter | -6/Proximity Caves Resources | -11 -10 -10 -9 -9 -9 -8 -8 -7 -7 -7 -7 -7 -7 -6 ----------- Run | Yrd Mat Min Mat Min Exi Min Mat Fac Was Fac Low Low Dat Pro Matter Collected 2777 | 282 355 30 501 60 . 207 766 237 . 150 59 47 . 83 Remotely . | . . . . . . . . . . . . . . . Salvage Created 4982 | 123 798 39 1259 47 . 350 1624 265 . 291 56 47 . 83 Parts 353 | 3 41 8 90 9 . 24 114 21 . 23 8 . . 12 Haulers Intercepted 15 | . 2 . 6 . . . 5 1 . 1 . . . . Recyclers Shooed 4 | . 1 1 . . . 1 1 . . . . . . . Parts Field Recycled . | . . . . . . . . . . . . . . . Retrieved Matter . | . . . . . . . . . . . . . . . Parts Self-Destructed 28 | . . . . . . . . . . . 6 11 . 11 Prevented . | . . . . . . . . . . . . . . . Kills | -11 -10 -10 -9 -9 -9 -8 -8 -7 -7 -7 -7 -7 -7 -6 ------- Run | Yrd Mat Min Mat Min Exi Min Mat Fac Was Fac Low Low Dat Pro Combat Hostiles Destroyed 101 | . 13 1 27 6 . 11 33 . . . 4 . . 6 Melee 1 | . . . . . . . . . . . . . . 1 Guns 16 | . 12 1 2 . . . 1 . . . . . . . Cannons 32 | . . . 11 3 . 2 16 . . . . . . . AOE 48 | . . . 13 3 . 9 14 . . . 4 . . 5 Classes Destroyed 16 | 2 6 1 1 . . 1 3 . . . . . . 2 Worker 17 | . 2 . 3 . . 2 6 1 . 3 . . . . Builder 10 | . . 2 . . . 2 5 . . 1 . . . . Tunneler 5 | 1 . . 2 . . 1 1 . . . . . . . Hauler 15 | . 2 . 6 . . . 5 1 . 1 . . . . Recycler 6 | 1 1 . . . . 2 1 . . 1 . . . . Mechanic 3 | . . . . . . . 2 1 . . . . . . Operator 4 | . 1 . 2 . . . 1 . . . . . . . Drone 2 | . . . . . . . . . . . . . . 2 Watcher 21 | . 3 . 5 . . . 4 5 . 4 . . . . Swarmer 54 | . 3 1 12 6 . 10 15 . . . 4 . . 3 Grunt 29 | . 10 . 7 . . . 12 . . . . . . . Brawler 1 | . . . . . . . 1 . . . . . . . Duelist 1 | . . . . . . . 1 . . . . . . . Sentry 11 | . . . 8 . . . 3 . . . . . . . Hunter 2 | . . . . . . 1 1 . . . . . . . Programmer 1 | . . . . . . . . . . . . . . 1 Best Kill Streak 11 | 2 4 1 11 3 . 4 9 1 . 2 4 . . 4 Combat Bots Only 8 | . 4 1 8 3 . 4 5 . . . 4 . . 4 Max Kills in Single Turn 4 | 1 1 1 3 2 . 2 4 1 . 1 4 . . 2 Gunslinging . | . . . . . . . . . . . . . . . Exploded 4 | . . . 3 2 . 2 4 . . . 4 . . 2 Melee 1 | . . . . . . . . . . . . . . 1 Uniques/NPCs Destroyed . | . . . . . . . . . . . . . . . Combat | -11 -10 -10 -9 -9 -9 -8 -8 -7 -7 -7 -7 -7 -7 -6 -------- Run | Yrd Mat Min Mat Min Exi Min Mat Fac Was Fac Low Low Dat Pro Hostile Shots Fired 328 | . 90 6 65 15 . 13 101 . . 4 3 16 4 11 Missed 100 | . 17 2 25 4 . 5 26 . . 2 1 11 2 5 Damage Taken 3308 | . 901 39 491 95 . 163 1252 . . 30 34 68 95 140 Core 338 | . 130 13 41 13 . . 81 . . 14 . . . 46 Absorbed by Shields . | . . . . . . . . . . . . . . . Regen/Repaired (Parts) 344 | . 172 . . . . . 172 . . . . . . . Core Remaining (%) 78 | 100 . 42 . . . 86 85 . . . . . . . Volleys Fired 287 | 4 69 6 60 11 . 32 100 1 . . 1 . . 3 Largest 2 | 2 2 2 2 2 . 2 2 1 . . 1 . . 1 Hottest 136 | 60 100 115 136 136 . 136 136 30 . . 39 . . 39 Shots Fired 534 | 8 136 12 113 17 . 54 189 1 . . 1 . . 3 Gun 228 | 8 135 12 21 . . . 52 . . . . . . . Cannon 265 | . . . 84 12 . 44 125 . . . . . . . Launcher 38 | . 1 . 8 2 . 10 12 1 . . 1 . . 3 Special 3 | . . . . 3 . . . . . . . . . . Kinetic 102 | 4 46 . . . . . 52 . . . . . . . Thermal 375 | . 74 12 105 15 . 44 125 . . . . . . . Explosive 38 | . 1 . 8 2 . 10 12 1 . . 1 . . 3 Electromagnetic 19 | 4 15 . . . . . . . . . . . . . Robot Hit Streak 16 | 2 16 8 10 11 . 10 13 . . . . . . . Robot Miss Streak 6 | 2 5 2 3 2 . 3 6 . . . . . . . Penetration Max . | . . . . . . . . . . . . . . . Secondary Targets 2 | . 2 . . . . . . . . . . . . . Max Gunslinging Chain 1 | . 1 . . . . . . . . . . . . . Shots Hit Robots 347 | 4 93 6 66 5 . 23 113 18 . 14 . 1 1 3 Core Hits 220 | 2 37 2 52 6 . 21 73 8 . 6 4 1 . 8 Critical Kills 3 | . . . 1 . . . 2 . . . . . . . Critical Parts Destroyed . | . . . . . . . . . . . . . . . Critical Strikes 13 | . 7 . 3 . . . 2 . . 1 . . . . Burn 9 | . 7 . 2 . . . . . . . . . . . Meltdown 3 | . . . 1 . . . 2 . . . . . . . Impale 1 | . . . . . . . . . . 1 . . . . Melee Attacks 170 | . . . . . . . 9 66 . 69 . 5 16 5 Impact . | . . . . . . . . . . . . . . . Slashing 9 | . . . . . . . 9 . . . . . . . Piercing 160 | . . . . . . . . 66 . 68 . 5 16 5 Sneak Attacks 19 | . . . . . . . 4 6 . 8 . . 1 . Combat Hostiles . | . . . . . . . . . . . . . . . Follow-up Attacks . | . . . . . . . . . . . . . . . Damage Inflicted 10911 | 55 1139 89 2231 347 . 900 3630 923 . 804 251 62 58 422 Guns 1923 | 55 1111 85 202 . . . 470 . . . . . . . Cannons 3404 | . . . 1098 111 . 472 1723 . . . . . . . Explosions 3396 | . 28 . 931 236 . 428 1196 . . . 251 . . 326 Melee 2184 | . . . . . . . 241 923 . 804 . 62 58 96 Ramming 4 | . . 4 . . . . . . . . . . . . Kinetic 889 | 27 392 . . . . . 470 . . . . . . . Thermal 4264 | . 573 85 1300 111 . 472 1723 . . . . . . . Explosive 3396 | . 28 . 931 236 . 428 1196 . . . 251 . . 326 Electromagnetic 174 | 28 146 . . . . . . . . . . . . . Impact . | . . . . . . . . . . . . . . . Slashing 241 | . . . . . . . 241 . . . . . . . Piercing 1943 | . . . . . . . . 923 . 804 . 62 58 96 Highest Corruption 4 | . . . . . . . 4 . . . 1 2 2 4 Average Corruption 3 | . . . . . . . 3 . . . 1 1 2 2 Corruption Purged . | . . . . . . . . . . . . . . . Corruption Blocked . | . . . . . . . . . . . . . . . Effects 51 | . . . . . . . 45 . . . 1 4 1 . Message Errors 14 | . . . . . . . 13 . . . . . 1 . Matter Fused 7 | . . . . . . . 5 . . . 1 1 . . Heat Flow Errors 8 | . . . . . . . 8 . . . . . . . Energy Discharges 7 | . . . . . . . 6 . . . . 1 . . Parts Rejected 1 | . . . . . . . 1 . . . . . . . Data Loss (minor) 4 | . . . . . . . 2 . . . . 2 . . Data Loss (major) 3 | . . . . . . . 3 . . . . . . . Misfires 4 | . . . . . . . 4 . . . . . . . Alerts 2 | . . . . . . . 2 . . . . . . . Weapon Failures 1 | . . . . . . . 1 . . . . . . . Overload Shots . | . . . . . . . . . . . . . . . Overflow Damage 315 | . . . 15 20 . . 82 30 . 168 . . . . Projectiles 40 | . . . 12 3 . . 25 . . . . . . . Explosions 33 | . . . 3 17 . . 13 . . . . . . . Melee 242 | . . . . . . . 44 30 . 168 . . . . Knockbacks . | . . . . . . . . . . . . . . . Impact . | . . . . . . . . . . . . . . . Kinetic . | . . . . . . . . . . . . . . . Secondary . | . . . . . . . . . . . . . . . Self-Inflicted Damage 221 | . . . 19 . . 49 102 . . . . . . 51 Shots 6 | . . . 1 . . 1 3 . . . . . . 1 Rammed . | . . . . . . . . . . . . . . . Targets Rammed 1 | . . 1 . . . . . . . . . . . . Kicked . | . . . . . . . . . . . . . . . Crushed 1 | . . 1 . . . . . . . . . . . . Highest Temperature 258 | . 138 24 201 198 . 198 258 . . . . 30 124 13 Average Temperature 52 | . 43 10 38 99 . 63 72 . . . . 17 86 10 Received Heat Transfer 996 | . 510 9 123 . . . 333 . . . . 21 . . Siege Activations . | . . . . . . . . . . . . . . . Robots Corrupted . | . . . . . . . . . . . . . . . Combat Hostiles . | . . . . . . . . . . . . . . . Parts Fried . | . . . . . . . . . . . . . . . Impact Corruptions . | . . . . . . . . . . . . . . . Robots Melted 4 | . 1 . 1 . . . 2 . . . . . . . Combat Hostiles 4 | . 1 . 1 . . . 2 . . . . . . . Parts Melted 20 | . 5 . 6 . . 2 7 . . . . . . . Heat Transferred 9139 | . 2220 222 2553 185 . 851 3108 . . . . . . . Parts Sabotaged . | . . . . . . . . . . . . . . . Parts Stolen . | . . . . . . . . . . . . . . . Parts Stripped . | . . . . . . . . . . . . . . . Power Chain Reactions . | . . . . . . . . . . . . . . . Alert | -11 -10 -10 -9 -9 -9 -8 -8 -7 -7 -7 -7 -7 -7 -6 ------- Run | Yrd Mat Min Mat Min Exi Min Mat Fac Was Fac Low Low Dat Pro Peak Influence 641 | 10 218 244 388 211 . 145 641 271 19 115 . . . . Initial 142 | . 6 18 . 60 . . 25 142 19 13 . . . . Average 121 | 3 49 33 139 67 . 53 272 118 19 41 . . . . Maximum Alert Level 2 | . 1 1 1 1 . . 2 1 . . . . . . Low Security (%) 78 | 100 97 94 79 72 . 100 39 78 100 100 . . . . Level 1 16 | . 2 5 20 27 . . 37 21 . . . . . . Level 2 5 | . . . . . . . 23 . . . . . . . Level 3 . | . . . . . . . . . . . . . . . Level 4 . | . . . . . . . . . . . . . . . Level 5 . | . . . . . . . . . . . . . . . High Security . | . . . . . . . . . . . . . . . Max Security . | . . . . . . . . . . . . . . . Squads Dispatched 26 | . 5 . 2 . . 1 7 6 . 5 . . . . Investigation 13 | . 4 . 1 . . . 2 3 . 3 . . . . Extermination 3 | . . . . . . . . 1 . 2 . . . . Reinforcement 7 | . 1 . 1 . . 1 2 2 . . . . . . Assault . | . . . . . . . . . . . . . . . Garrison 3 | . . . . . . . 3 . . . . . . . Intercept . | . . . . . . . . . . . . . . . Searches Triggered . | . . . . . . . . . . . . . . . Construction Impeded 2 | . . . . . . 1 1 . . . . . . . Haulers Reinforced 1 | . . . . . . . . 1 . . . . . . Active Scanning Responses . | . . . . . . . . . . . . . . . Cargo Convoy Interrupts 1 | . . . . . . . . 1 . . . . . . Stealth | -11 -10 -10 -9 -9 -9 -8 -8 -7 -7 -7 -7 -7 -7 -6 --------- Run | Yrd Mat Min Mat Min Exi Min Mat Fac Was Fac Low Low Dat Pro Distress Signals 15 | . 1 . 3 . . . 7 . . 4 . . . . Communications Jammed . | . . . . . . . . . . . . . . . Distress Signals . | . . . . . . . . . . . . . . . Times Spotted 188 | . 23 8 36 6 . 2 49 23 . 15 4 11 4 7 Peak Tracking Total 6 | . 5 6 4 3 . 2 6 3 . 4 4 4 4 5 Tactical Retreats 13 | . 1 1 . . . . 3 . . 5 . 3 . . Traps | -11 -10 -10 -9 -9 -9 -8 -8 -7 -7 -7 -7 -7 -7 -6 ------- Run | Yrd Mat Min Mat Min Exi Min Mat Fac Was Fac Low Low Dat Pro Traps Triggered 6 | . . . . . . . 5 1 . . . . . . Indirectly . | . . . . . . . . . . . . . . . Trap Hack Attempts 16 | . . . . . . . . 7 . 9 . . . . Triggered . | . . . . . . . . . . . . . . . Disarmed 1 | . . . . . . . . 1 . . . . . . Reprogrammed 7 | . . . . . . . . 1 . 6 . . . . Reused . | . . . . . . . . . . . . . . . Traps Extracted 6 | . . . . . . . . . . 6 . . . . Installed . | . . . . . . . . . . . . . . . Triggered . | . . . . . . . . . . . . . . . Most Traps Carried 6 | . . . . . . . . . . 6 6 6 6 6 Machines | -11 -10 -10 -9 -9 -9 -8 -8 -7 -7 -7 -7 -7 -7 -6 ---------- Run | Yrd Mat Min Mat Min Exi Min Mat Fac Was Fac Low Low Dat Pro Machines Disabled 8 | . 1 . . . . 3 2 1 . 1 . . . . Max in Single Turn 1 | . 1 . . . . 1 1 1 . 1 . . . . Garrison Access 6 | . . . . . . . 1 2 . 3 . . . . Machines Repaired . | . . . . . . . . . . . . . . . Machines Dismantled . | . . . . . . . . . . . . . . . Machines Sabotaged . | . . . . . . . . . . . . . . . Overloaded Fab Kills . | . . . . . . . . . . . . . . . Hacking | -11 -10 -10 -9 -9 -9 -8 -8 -7 -7 -7 -7 -7 -7 -6 --------- Run | Yrd Mat Min Mat Min Exi Min Mat Fac Was Fac Low Low Dat Pro Machines Accessed 73 | . 8 . 12 . 5 . 8 16 . 20 . . 4 . Terminals 42 | . 7 . 8 . . . 4 10 . 13 . . . . Fabricators 6 | . . . . . . . . 3 . 3 . . . . Repair Stations 4 | . 1 . 1 . . . 2 . . . . . . . Recycling Units 3 | . . . 1 . . . 1 . . 1 . . . . Scanalyzers 3 | . . . 2 . . . . 1 . . . . . . Garrison Access 6 | . . . . . . . 1 2 . 3 . . . . Total Hacks 242 | . 32 . 40 . 33 . 26 40 . 44 . . 27 . Successful 175 | . 15 . 25 . 33 . 17 30 . 28 . . 27 . Failed 66 | . 16 . 15 . . . 9 10 . 16 . . . . Catastrophic 5 | . 1 . 1 . . . 1 1 . 1 . . . . Database Lockouts 1 | . 1 . . . . . . . . . . . . . Manual 76 | . 17 . 9 . 1 . 8 21 . 20 . . . . Terminals 115 | . 28 . 21 . . . 18 20 . 28 . . . . Fabricators 25 | . . . . . . . . 14 . 11 . . . . Repair Stations 9 | . 4 . 1 . . . 4 . . . . . . . Recycling Units 8 | . . . 4 . . . 2 . . 2 . . . . Scanalyzers 18 | . . . 14 . . . . 4 . . . . . . Garrison Access 7 | . . . . . . . 2 2 . 3 . . . . Terminal Hacks 109 | . 11 . 9 . 33 . 11 7 . 11 . . 27 . Record 43 | . . . . . 32 . . . . . . . 11 . Part Schematic 11 | . 1 . . . . . . 1 . 1 . . 8 . Robot Schematic 6 | . 1 . . . . . . . . . . . 5 . Robot Analysis 2 | . 2 . . . . . . . . . . . . . Prototype ID Bank 6 | . 1 . 1 . . . 1 . . . . . 3 . Branch Access Points 3 | . . . 1 . . . 1 . . 1 . . . . Emergency Access Points 2 | . . . 1 . . . 1 . . . . . . . Machine Index 2 | . . . . . . . . 1 . 1 . . . . Terminal Index 2 | . . . 1 . . . . . . 1 . . . . Fabricator Index 1 | . . . . . . . . 1 . . . . . . Alert Level 4 | . 1 . . . . . 2 . . 1 . . . . Unreport Threat 3 | . . . 1 . . . 2 . . . . . . . Locate Traps 9 | . 4 . 1 . . . 2 1 . 1 . . . . Maintenance Status 1 | . . . . . . . . . . 1 . . . . Recall Investigation 2 | . . . . . . . . . . 2 . . . . Recall Extermination 3 | . . . . . . . . 1 . 2 . . . . Recall Reinforcements 1 | . . . . . . . . 1 . . . . . . Hauler Manifests 3 | . 1 . 1 . . . . 1 . . . . . . Registered Components 1 | . . . . . . . 1 . . . . . . . Zone Layout 3 | . . . 2 . . . 1 . . . . . . . Derelict Proto ID Bank 1 | . . . . . 1 . . . . . . . . . Fabricator Hacks 14 | . . . . . . . . 7 . 7 . . . . Load Schematic 9 | . . . . . . . . 5 . 4 . . . . Build 5 | . . . . . . . . 2 . 3 . . . . Repair Station Hacks 6 | . 4 . . . . . 2 . . . . . . . Scan Component 3 | . 2 . . . . . 1 . . . . . . . Repair 3 | . 2 . . . . . 1 . . . . . . . Recycling Unit Hacks 3 | . . . 1 . . . 1 . . 1 . . . . Retrieve Components 3 | . . . 1 . . . 1 . . 1 . . . . Scanalyzer 17 | . . . 13 . . . . 4 . . . . . . Insert Component 8 | . . . 6 . . . . 2 . . . . . . Analyze 9 | . . . 7 . . . . 2 . . . . . . Garrison Access Hacks 6 | . . . . . . . 1 2 . 3 . . . . Seal Access 6 | . . . . . . . 1 2 . 3 . . . . Unauthorized Hacks 20 | . . . 2 . . . 2 10 . 6 . . . . Terminals 9 | . . . . . . . 1 6 . 2 . . . . Assimilate 6 | . . . . . . . . 5 . 1 . . . . Botnet 2 | . . . . . . . 1 1 . . . . . . Operators 1 | . . . . . . . . . . 1 . . . . Fabricators 8 | . . . . . . . . 4 . 4 . . . . Prioritize 3 | . . . . . . . . 1 . 2 . . . . Haulers 1 | . . . . . . . . . . 1 . . . . Recompile 4 | . . . . . . . . 3 . 1 . . . . Repair Stations . | . . . . . . . . . . . . . . . Recycling Units 3 | . . . 2 . . . 1 . . . . . . . Reject 1 | . . . 1 . . . . . . . . . . . Mask 2 | . . . 1 . . . 1 . . . . . . . Scanalyzers . | . . . . . . . . . . . . . . . Garrison Access . | . . . . . . . . . . . . . . . Data Cores Recovered 1 | . . . 1 . . . . . . . . . . . Used 1 | . . . 1 . . . . . . . . . . . Hacking Detections 50 | . 8 . 12 . . . 6 11 . 13 . . . . Full Trace Events 8 | . 4 . 1 . . . 1 . . 2 . . . . Feedback Events . | . . . . . . . . . . . . . . . Feedback Blocked . | . . . . . . . . . . . . . . . Robot Schematics Acquired 6 | . 1 . . . . . . . . . . . 5 . Robots Built . | . . . . . . . . . . . . . . . Authchips . | . . . . . . . . . . . . . . . Time . | . . . . . . . . . . . . . . . Total Robot Build Rating . | . . . . . . . . . . . . . . . Part Schematics Acquired 19 | . 1 . 6 . . . . 3 . 1 . . 8 . Parts Built 5 | . . . . . . . . 2 . 3 . . . . Authchips 3 | . . . . . . . . 2 . 1 . . . . Time 205 | . . . . . . . . 66 . 139 . . . . Total Part Build Rating 24 | . . . . . . . . 8 . 16 . . . . Parts Repaired 3 | . 2 . . . . . 1 . . . . . . . Time 90 | . 52 . . . . . 38 . . . . . . . Parts Recycled . | . . . . . . . . . . . . . . . Recycled Matter . | . . . . . . . . . . . . . . . Retrieved Matter . | . . . . . . . . . . . . . . . Retrieved Components 14 | . . . 9 . . . 3 . . 2 . . . . Parts Scanalyzed 8 | . . . 6 . . . . 2 . . . . . . Part Schematics Acquired 8 | . . . 6 . . . . 2 . . . . . . Parts Damaged . | . . . . . . . . . . . . . . . Bothacking | -11 -10 -10 -9 -9 -9 -8 -8 -7 -7 -7 -7 -7 -7 -6 ------------ Run | Yrd Mat Min Mat Min Exi Min Mat Fac Was Fac Low Low Dat Pro Used RIF Installer . | . . . . . . . . . . . . . . . Robots Hacked . | . . . . . . . . . . . . . . . Non-combat . | . . . . . . . . . . . . . . . Combat . | . . . . . . . . . . . . . . . Robot Hacks Applied . | . . . . . . . . . . . . . . . Relay Couplers Released . | . . . . . . . . . . . . . . . Fabnet Peak Effective % . | . . . . . . . . . . . . . . . Robots Rewired . | . . . . . . . . . . . . . . . Allies Hacked . | . . . . . . . . . . . . . . . Hacks Repelled . | . . . . . . . . . . . . . . . Allies | -11 -10 -10 -9 -9 -9 -8 -8 -7 -7 -7 -7 -7 -7 -6 -------- Run | Yrd Mat Min Mat Min Exi Min Mat Fac Was Fac Low Low Dat Pro Total Allies 32 | . . 5 . . . . . 5 21 1 . . . . Largest Group 21 | . . 4 3 . . . . 5 21 2 . . . . Highest-Rated Group 538 | . . 79 48 . . . . 130 538 52 . . . . Highest-Rated Ally 35 | . . 31 16 . . . . 26 35 26 . . . . Total Orders 3 | . . . . . . . . 1 1 1 . . . . STAY 3 | . . . . . . . . 1 1 1 . . . . Ally Attacks 29 | . . 23 6 . . . . . . . . . . . Total Damage 298 | . . 235 63 . . . . . . . . . . . Kills 8 | . . 7 1 . . . . . . . . . . . Allies Corrupted . | . . . . . . . . . . . . . . . Allies Melted . | . . . . . . . . . . . . . . . Intel | -11 -10 -10 -9 -9 -9 -8 -8 -7 -7 -7 -7 -7 -7 -6 ------- Run | Yrd Mat Min Mat Min Exi Min Mat Fac Was Fac Low Low Dat Pro Robot Analysis Total 136 | . 2 . . . . . . . . . . . 134 . Derelict Logs Recovered 3 | . . 1 . . . . . . . . 2 . . . Drone Launches . | . . . . . . . . . . . . . . . Drone Recoveries . | . . . . . . . . . . . . . . . Exploration | -11 -10 -10 -9 -9 -9 -8 -8 -7 -7 -7 -7 -7 -7 -6 ------------- Run | Yrd Mat Min Mat Min Exi Min Mat Fac Was Fac Low Low Dat Pro Turns Passed 20545 | 130 2306 1518 3426 1282 1528 1890 4033 1903 231 1656 109 320 96 117 Spaces Moved 16391 | 64 856 612 1151 266 635 729 1297 4874 452 3595 348 960 202 350 Core 2 | 2 . . . . . . . . . . . . . . Treads 5157 | 62 440 612 1151 266 635 729 1262 . . . . . . . Legs 416 | . 416 . . . . . . . . . . . . . Wheels . | . . . . . . . . . . . . . . . Hover . | . . . . . . . . . . . . . . . Flight 10816 | . . . . . . . 35 4874 452 3595 348 960 202 350 Fastest Speed 17 | 50 120 240 160 240 240 240 100 26 26 26 26 17 17 17 Average Speed 95 | 156 185 240 236 240 240 240 236 27 26 26 26 25 25 25 Slowest Speed 450 | 160 320 240 240 240 240 240 450 99 26 92 92 26 92 26 Overloaded Moves 36 | . . . . . . . . . . . . 10 24 2 Propulsion Burnouts . | . . . . . . . . . . . . . . . Robots Hopped 16 | . . . . . . . . 8 . 8 . . . . Cave-ins Triggered . | . . . . . . . . . . . . . . . Time Travels 1 | . . . . . 1 . . . . . . . . . Exploration Rate (%) 72 | 5 100 97 94 52 73 98 78 67 87 59 60 83 80 57 Regions Visited 14 Branch Regions 8 Pre-discovered Areas 28 | . . . . . 1 . . . . . . . 27 . Known Exits Taken 4 | . . 1 1 . . . 1 . . 1 . . . . Unknown Exits Taken 8 | 1 1 . . 1 1 1 . . . . 1 1 1 . Scrap Searched 8 | . . 1 . 1 . 1 . . . . 3 1 . 1 Spaces Dug 261 | . 9 . 29 15 . 35 14 47 . 42 18 3 . 49 Terrain Destroyed 409 | . 9 . 61 29 . 78 73 47 . 42 18 3 . 49 Melee 87 | . . . . . . . 5 37 . 42 . 3 . . Projectile 4 | . . . 1 3 . . . . . . . . . . AOE 318 | . 9 . 60 26 . 78 68 10 . . 18 . . 49 Terrain Rammed . | . . . . . . . . . . . . . . . Walls Destroyed . | . . . . . . . . . . . . . . . Machines Disabled . | . . . . . . . . . . . . . . . Actions | -11 -10 -10 -9 -9 -9 -8 -8 -7 -7 -7 -7 -7 -7 -6 --------- Run | Yrd Mat Min Mat Min Exi Min Mat Fac Was Fac Low Low Dat Pro Total 20530 | 83 1444 655 1748 886 640 813 2100 5384 564 4226 362 1024 232 369 Wait 3276 | 2 457 13 434 606 . 47 588 401 113 544 8 54 6 3 Move 16346 | 63 855 611 1150 265 634 728 1296 4858 451 3578 347 959 201 350 Hop 16 | . . . . . . . . 8 . 8 . . . . Pick Up 99 | 7 21 9 28 . . . 15 11 . 3 1 . 4 . Fast Attach 41 | 6 5 . 7 . 3 . 15 5 . . . . . . Attach 32 | 1 2 1 3 . . . 13 6 . 1 1 . 1 3 Detach 9 | . . . 1 . . . 1 2 . . . 1 . 4 Swap 110 | . 21 4 30 4 . 6 19 6 . 11 4 4 . 1 Drop 127 | . 14 10 35 . 3 . 44 13 . 3 . 1 4 . Fire 287 | 4 69 6 60 11 . 32 100 1 . . 1 . . 3 Melee 170 | . . . . . . . 9 66 . 69 . 5 16 5 Ram . | . . . . . . . . . . . . . . . Kick . | . . . . . . . . . . . . . . . Crush 1 | . . 1 . . . . . . . . . . . . Escape Stasis . | . . . . . . . . . . . . . . . Rewire . | . . . . . . . . . . . . . . . Trap 16 | . . . . . . . . 7 . 9 . . . . Miscellaneous . | . . . . . . . . . . . . . . . Route ------- -11/Scrapyard -10/Materials (discovered 5 exits: *Mat x3 / [*Min] / [*Sub]) -10/Mines (discovered 2 exits: *Mat x2) -9/Materials (discovered 5 exits: *Mat x3 / *Min x2) -9/Mines (discovered 2 exits: *Mat / *Exi) -9/Exiles -8/Mines (discovered 2 exits: *Mat x2) -8/Materials (discovered 2 exits: *Fac x2) -7/Factory (discovered 4 exits: *Fac x2 / *Sto / *Low) -7/Waste -7/Factory (discovered 4 exits: Sto x2 / *Low x2) -7/Lower Caves -7/Lower Caves -7/Data Miner -6/Proximity Caves (discovered 1 exit: *Fac) History --------- Turn | Location | Event 87 | -11/Scrapyard | Discovered new exit (range 16) 131 | -11/Scrapyard | Entered Materials 308 | -10/Materials | Build established: Mutant 313 | -10/Materials | Repaired Lgt. Treads 385 | -10/Materials | Discovered new exit (range 12) 1427 | -10/Materials | Discovered new exit (range 15) 1617 | -10/Materials | Discovered new exit (range 12) 1733 | -10/Materials | Core integrity fell below 50% 1912 | -10/Materials | Discovered new exit (range 11) 1929 | -10/Materials | Discovered new exit (range 12) 2008 | -10/Materials | Central database locked down 2277 | -10/Materials | Repaired Med. Laser 2437 | -10/Materials | Entered Mines 2454 | -10/Mines | Assisted by bots powering up and referring to "LRC-V3" 2801 | -10/Mines | A weapon hastily lodged in a ceiling crevice suddenly fell to the ground 2862 | -10/Mines | Build established: Scavenger-Mutant 2917 | -10/Mines | Received a Rocket Launcher from a helpful Derelict 3024 | -10/Mines | Discovered new exit (range 10) 3572 | -10/Mines | Learned Materials trap positions 3897 | -10/Mines | Discovered new exit (range 8) 3951 | -10/Mines | Identified exit to Materials 3955 | -10/Mines | Entered Materials 3955 | -9/Materials | Accompanied by 3 allies 3955 | -9/Materials | Evolved 2 slots: Propulsion x1, Utility x1 3956 | -9/Materials | Loaded intel: 10 trap records 4077 | -9/Materials | Destroyed 8 combat bots 4529 | -9/Materials | Discovered new exit (range 12) 5033 | -9/Materials | Discovered new exit (range 14) 5033 | -9/Materials | Identified exit to Mines 5889 | -9/Materials | Discovered new exit (range 4) 7095 | -9/Materials | Discovered new exit (range 15) 7375 | -9/Materials | Build established: Mutant 7381 | -9/Materials | Entered Mines 7481 | -9/Mines | Discovered new exit (range 12) 7899 | -9/Mines | Assembled infested the area 8566 | -9/Mines | Deemed a non-threat by the Exiles lab entrance 8566 | -9/Mines | Discovered new exit (range 5) 8663 | -9/Mines | Entered Exiles 8726 | -9/Exiles | Met 8R-AWN 8767 | -9/Exiles | Met EX-HEX 8836 | -9/Exiles | Met EX-BIN 8863 | -9/Exiles | Met EX-DEC 9059 | -9/Exiles | Learned location of Zion (-6) 9295 | -9/Exiles | Aligned with FarCom system 9297 | -9/Exiles | Given EX-Vault access code 9424 | -9/Exiles | Opened EX-Vault 9470 | -9/Exiles | Found Prototype Device 9470 | -9/Exiles | Identified Chronowheel 9470 | -9/Exiles | Activated Chronowheel 9470 | -9/Exiles | Spacetime reconverged on an earlier point 9605 | -9/Exiles | Warned to stay clear of 0b10 Research branches 9759 | -9/Exiles | Discovered new exit (range 14) 10191 | -9/Exiles | Entered Mines 10676 | -8/Mines | Discovered new exit (range 8) 11279 | -8/Mines | Discovered new exit (range 9) 12081 | -8/Mines | Entered Materials 12081 | -8/Materials | Evolved 2 slots: Utility x2 12432 | -8/Materials | Lost 3 parts (1n2u) 13727 | -8/Materials | Build established: Scavenger-Mutant 14111 | -8/Materials | Garrison activated, responded to threat 14471 | -8/Materials | Discovered new exit (range 7) 14786 | -8/Materials | Identified exit to Factory 15189 | -8/Materials | Discovered exit to Factory (range 6) 15989 | -8/Materials | Repaired Imp. Light Armor Plating 16114 | -8/Materials | Entered Factory 16114 | -7/Factory | Evolved 2 slots: Propulsion x1, Utility x1 16178 | -7/Factory | Discovered new exit (range 16) 16304 | -7/Factory | Discovered new exit (range 13) 16356 | -7/Factory | Discovered new exit (range 8) 16491 | -7/Factory | Identified exit to Factory 16600 | -7/Factory | Build established: Hacker-Sprinter 16839 | -7/Factory | Discovered exit to Factory (range 4) 17096 | -7/Factory | Cargo convoy interrupted 17314 | -7/Factory | Fabricated Cld. VTOL Module (x1) 17350 | -7/Factory | Fabricated Cld. VTOL Module (x1) 18017 | -7/Factory | Sucked down chute 18017 | -7/Factory | Entered Waste 18017 | -7/Waste | Met up with 1 ally sucked down the chute earlier 18018 | -7/Waste | Joined by Warlord forces that had cleared the area 18058 | -7/Waste | Discovered new exit (range 15) 18248 | -7/Waste | Entered Factory 18248 | -7/Factory | Accompanied by 1 ally 18349 | -7/Factory | Identified exit to Storage 18349 | -7/Factory | Identified exit to Lower Caves 18508 | -7/Factory | Fabricated Cld. VTOL Module (x1) 18982 | -7/Factory | Fabricated Adv. Hacking Suite? 19454 | -7/Factory | Fabricated Adv. Hacking Suite? 19904 | -7/Factory | Entered Lower Caves 19913 | -7/Lower Caves | Learned Factory trap positions 19926 | -7/Lower Caves | Encountered a Warlord checkpoint 19942 | -7/Lower Caves | Spotted B-75 Beast 19972 | -7/Lower Caves | Learned Factory security intel 19986 | -7/Lower Caves | Discovered new exit (range 14) 20010 | -7/Lower Caves | Attracted the attention of an 0b10 checkpoint 20013 | -7/Lower Caves | Entered another Lower Caves area 20043 | -7/Lower Caves | Encountered a Warlord checkpoint 20127 | -7/Lower Caves | Attracted the attention of an 0b10 checkpoint 20330 | -7/Lower Caves | Discovered new exit (range 14) 20333 | -7/Lower Caves | Entered Data Miner 20333 | -7/Data Miner | Discovered new exit (range 6) 20338 | -7/Data Miner | Met Data Miner 20343 | -7/Data Miner | Learned location of Section 7 (-2) 20343 | -7/Data Miner | Acquired the access code to Warlord's prototype stash 20347 | -7/Data Miner | Received God Mode back door access code from Data Miner 20378 | -7/Data Miner | Interfaced with the Data Conduit 20429 | -7/Data Miner | Entered Proximity Caves 20545 | -6/Proximity Caves | Discovered exit to Factory (range 5) 20546 | -6/Proximity Caves | Attracted the attention of an 0b10 checkpoint 20546 | -6/Proximity Caves | Self-destructed Last Messages --------------- 20433_ Lgt. Ion Engine fries itself beyond repair. 20433_ Acquired 2 matter. 20476_ S-27 Virus destroyed. 20482_ Acquired 3 matter. 20483_ Acquired 18 matter. 20484_ Acquired 10 matter. 20488_ Lgt. Nuclear Core fries itself beyond repair. 20490_ VTOL Module fries itself beyond repair. 20490_ The unstable cave ceiling collapses. 20492_ VTOL Module fries itself beyond repair. 20496_ P-60 Hacker destroyed. 20498_ Acquired 47 matter. 20528_ Searching scrap... 20528_ Found Nuclear Pulse Thruster. 20528_ Found Missile Launcher. 20528_ Found Gravmag System. 20528_ Found Transmission Jammer. 20528_ Found 25 Matter. 20545_ EXIT=FOUND: FACTORY 20546_ Y-54 Guardian: "INTERCEPTING UNREGISTERED DERELICT." Map ----- +----------------------------------------------------+ | ?????????????????????????????????????????????????? | | ?????????????????????????????????????????????????? | | ?????????????????????????????????????????????????? | | ?????????????????????????????????????????????????? | | ?????????????????????????????????????????????????? | | ?????????????????????????????????????????????????? | | ?????????????????????????????????????????????????? | | ?????????????????????????????????????????????????? | | ? ? ?????????????????????????????????????????????? | | ? ? ?#???????????????????????????????????????????? | | ? # ???????????????????????????????????????????? | | ???????????????????????????????????????????? | | # ????????????????????????????????????????????? | | # ????????????????????????????????????????????? | | # ???????? ?????????????????????????????????? | | ? # # "# ?????????????????????????????????? | | # ####+### ????????????????????????????????? | | ## ?????????????????????????????????? | | ## ???????######?????????????????????? | | ## #????????######?????????????????????? | | ## #?????????## ?????????????????????? | | ## #?????###### ##??????????????????????? | | #????####### ###?????????????????????? | | ##???????### ##### ##????????????????? | | ## ########?## #### ####??????????????? | | ## ############ @ ####??????????????? | | ## ##### ###### < ###?????????????? | | # #### ##### ##?????????????? | | ## #### # ##?????????????? | | ### ## ###?????????????? | | # #### ## g s ###?????????????? | | ###### ## Y ##??????????????? | | ##### ######## s ###?????????????? | | ??## ######## ###????????????? | | ??### ###???## g ##????????????? | | ??### ####??##### ##????????????? | | ?### ###??##### ##????????????? | | ?## ####????## ###????????????? | | ?## ## ##????### ####????????????? | | ?####### #### ##?????## #####?????????????? | | ?#####################???????#####???????????????? | | ??????##########?#####???????###?????????????????? | | ?????????????????????????????????????????????????? | | ?????????????????????????????????????????????????? | | ?????????????????????????????????????????????????? | | ?????????????????????????????????????????????????? | | ?????????????????????????????????????????????????? | | ?????????????????????????????????????????????????? | | ?????????????????????????????????????????????????? | | ?????????????????????????????????????????????????? | +----------------------------------------------------+ Best States ------------- Heat Dissipation 59 Energy Generation 18 Energy Capacity 310 Matter Stores 300 Matter Capacity 300 Sight Range 16 Terrain Scan Density 10 ECM Strength 1 Armor Coverage 300 Core Shielding 20 Evasion (%) 66 Recoil Reduction 3 Offensive Hacking 34 Defensive Hacking 11 Authchip Count 1 Trap Extractor Capacity 6 Item Schematics ----------------- Hcp. Storage Unit | -10/Materials | Hacked VTOL Module | -9/Materials | Scanalyzed Trap Extractor | -9/Materials | Scanalyzed Lgt. Armor Plating | -9/Materials | Scanalyzed Hvy. Assault Rifle | -9/Materials | Scanalyzed Hacking Suite | -9/Materials | Scanalyzed Med. Storage Unit | -9/Materials | Scanalyzed ECM Suite | -7/Factory | Scanalyzed Imp. Utility Shielding | -7/Factory | Scanalyzed Cld. VTOL Module | -7/Factory | Hacked Adv. Hacking Suite | -7/Factory | Hacked Combat Drone Bay | -7/Data Miner | Free Lgt. Regenerative Plating | -7/Data Miner | Free Cld. Aerolev Unit | -7/Data Miner | Free Thermal Defense Suite | -7/Data Miner | Free Imp. Lightning Gun | -7/Data Miner | Free Field Propulsion Drive | -7/Data Miner | Free Imp. Transmission Jammer | -7/Data Miner | Free Imp. Arc Projector | -7/Data Miner | Free Robot Schematics ------------------ M-13 Machinist | -10/Materials | Hacked G-50 Soldier | -7/Data Miner | Free O-24 Administrator | -7/Data Miner | Free R-10 Processor | -7/Data Miner | Free B-60 Warrior | -7/Data Miner | Free I-36 Angel | -7/Data Miner | Free Fabricated ------------ Cld. VTOL Module | x1 | -7/Factory | Authchip Cld. VTOL Module | x1 | -7/Factory | Authchip Cld. VTOL Module | x1 | -7/Factory | Authchip Adv. Hacking Suite | x1 | -7/Factory Adv. Hacking Suite | x1 | -7/Factory Alien Tech Used ----------------- None Achievements -------------- None Challenges ------------ None Game ------ Seed CannonMakeshiftRecalibrator Manual? 0 Play Time 02:46:09 Cumulative 140.7 hours Start 2024.06.12 @ 10:20:15 End 2024.06.15 @ 16:01:18 Sessions 39 Manual Loads 0 Difficulty Rogue Special Mode None Game No. 31 Rogue 30 Adventurer 1 Explorer 0 Win Type - Total 11 Types 3/2/4/0/0/0/2/0/0 Lore% 51 Gallery% 72 Achievement% 63 Wizard Run 0 Options --------- Layout 0 ASCII 0 Keyboard 0 Movement Mouse Keybinds 0 Fullscreen 1 Font 18/Terminus Map View 76x50 Zoom Use 0% Tactical HUD 1 Map Filters NONE Filters NONE Steam 0 RUN: 6a1753c0-ed1c-477a-a708-6cbb31a70b2a